TOP OF THE 1ST |
Orlando Calrissian batting - Pitching for El Dorado Oilers : RHP Mark Anderson
|
Pitching: RHP Mark Anderson
|
|
Batting: LHB Craig Kenney
|
0-0: Foul Ball, location: 2F 0-1: Swinging Strike 0-2: Ball 1-2: Ball 2-2: Ball 3-2: Strikes out swinging
|
Batting: SHB Tim Abbott
|
0-0: Foul Ball, location: 2F 0-1: Foul Ball, location: 2F 0-2: Ball 1-2: Ball 2-2: Ball 3-2: Base on Balls
|
Batting: RHB Rich Anderson
|
0-0: Ball Wild Pitch! Tim Abbott to second 1-0: Fly out, F4 (Popup, 34D)
|
Batting: RHB Raúl Canó
|
0-0: SINGLE (Flyball, 9S) Tim Abbott to third Runner from 3rd tries for Home, SAFE, no throw
|
Batting: RHB Gabriel Ángel
|
0-0: Ball 1-0: Ball 2-0: Ball 3-0: Called Strike 3-1: Base on Balls Raúl Canó to second
|
Batting: RHB Frederico Hernández
|
0-0: Swinging Strike 0-1: Ball 1-1: Ball 2-1: Ball 3-1: Base on Balls Raúl Canó to third Gabriel Ángel to second
|
Batting: LHB Danny Allen
|
0-0: Ball 1-0: Ball 2-0: Called Strike 2-1: Swinging Strike 2-2: Ball 3-2: Foul Ball, location: 2F 3-2: Ground out 4-3 (Groundball, 4)
|
Top of the 1st over - 1 run, 1 hit, 0 errors, 3 left on base; Orlando 1 - El Dorado 0 |
BOTTOM OF THE 1ST |
El Dorado Oilers batting - Pitching for Orlando Calrissian : RHP Jorge Jiménez
|
Pitching: RHP Jorge Jiménez
|
|
Batting: SHB Theron Harper
|
0-0: Hit by Pitch
|
Batting: LHB Ashley Pickhills
|
0-0: Ball 1-0: Foul Ball, location: 2F 1-1: Ball 2-1: Grounds into double play, 5-4-3 (Groundball, 5L)
|
Batting: RHB Ernesto Acosta
|
0-0: Ball 1-0: Called Strike 1-1: Called Strike 1-2: Fly out, F8 (Flyball, 8LD)
|
Bottom of the 1st over - 0 runs, 0 hits, 0 errors, 0 left on base; Orlando 1 - El Dorado 0 |
TOP OF THE 2ND |
Orlando Calrissian batting - Pitching for El Dorado Oilers : RHP Mark Anderson
|
Batting: RHB Griswold Coleman
|
0-0: Ball 1-0: Swinging Strike 1-1: DOUBLE (Line Drive, 8RXD)
|
Batting: RHB Robby Lewis
|
0-0: Ball 1-0: Swinging Strike 1-1: Ball 2-1: Ground out 4-3 (Groundball, 4) Griswold Coleman to third
|
Batting: LHB Craig Kenney
|
0-0: Ball 1-0: Ball 2-0: Swinging Strike 2-1: Swinging Strike 2-2: Ball 3-2: Strikes out swinging
|
Batting: SHB Tim Abbott
|
0-0: Ball 1-0: Ball 2-0: Called Strike 2-1: Ground out 4-3 (Groundball, 4)
|
Top of the 2nd over - 0 runs, 1 hit, 0 errors, 1 left on base; Orlando 1 - El Dorado 0 |
BOTTOM OF THE 2ND |
El Dorado Oilers batting - Pitching for Orlando Calrissian : RHP Jorge Jiménez
|
Batting: LHB José Hernández
|
0-0: Ball 1-0: Ball 2-0: Called Strike 2-1: Ball 3-1: Base on Balls
|
Batting: RHB Bob Johnson
|
0-0: Fly out, F7 (Flyball, 7S)
|
Batting: LHB Al Gaines
|
0-0: Swinging Strike 0-1: Foul Ball, location: 2F 0-2: Foul Ball, location: 2F 0-2: Ball 1-2: Ball 2-2: SINGLE (Groundball, 3) (infield hit) José Hernández to second
|
Batting: RHB Tony Hernández
|
0-0: Ball 1-0: SINGLE (Groundball, 6) (infield hit) José Hernández to third Al Gaines to second
|
Batting: SHB Orlando Aguilar
|
0-0: Ball 1-0: Called Strike 1-1: Called Strike 1-2: Grounds into double play, 4-6-3 (Groundball, 4)
|
Bottom of the 2nd over - 0 runs, 2 hits, 0 errors, 2 left on base; Orlando 1 - El Dorado 0 |
TOP OF THE 3RD |
Orlando Calrissian batting - Pitching for El Dorado Oilers : RHP Mark Anderson
|
Batting: RHB Rich Anderson
|
0-0: Ball 1-0: Ball 2-0: Ball 3-0: Base on Balls
|
Batting: RHB Raúl Canó
|
0-0: Called Strike 0-1: Ball Passed Ball! Rich Anderson to second 1-1: Ball 2-1: Called Strike 2-2: SINGLE (Line Drive, 7S) Rich Anderson to third Runner from 3rd tries for Home, SAFE, no throw
|
Batting: RHB Gabriel Ángel
|
0-0: Called Strike 0-1: Ball 1-1: Foul Ball, location: 2F 1-2: Ball 2-2: Ball 3-2: Grounds into double play, 4-6-3 (Groundball, 4MD)
|
Batting: RHB Frederico Hernández
|
0-0: Ball 1-0: Ball 2-0: Foul Ball, location: 2F 2-1: Ball 3-1: SINGLE (Line Drive, 78M)
|
Batting: LHB Danny Allen
|
0-0: Ball 1-0: Called Strike 1-1: SINGLE (Groundball, 34D) Frederico Hernández to second Runner from 2nd tries for 3rd, SAFE, no throw
|
Batting: RHB Griswold Coleman
|
0-0: Ball Danny Allen steals 2nd base 1-0: Called Strike 1-1: Swinging Strike 1-2: Strikes out looking
|
Top of the 3rd over - 1 run, 3 hits, 0 errors, 2 left on base; Orlando 2 - El Dorado 0 |
BOTTOM OF THE 3RD |
El Dorado Oilers batting - Pitching for Orlando Calrissian : RHP Jorge Jiménez
|
Batting: LHB Chris Miller
|
0-0: Ball 1-0: Called Strike 1-1: Ground out 6-3 (Groundball, 6)
|
Batting: SHB Theron Harper
|
0-0: Called Strike 0-1: Called Strike 0-2: Foul Ball, location: 2F 0-2: Foul Ball, location: 2F 0-2: Strikes out swinging
|
Batting: LHB Ashley Pickhills
|
0-0: Fly out, F3 (Popup, 3SF)
|
Bottom of the 3rd over - 0 runs, 0 hits, 0 errors, 0 left on base; Orlando 2 - El Dorado 0 |
TOP OF THE 4TH |
Orlando Calrissian batting - Pitching for El Dorado Oilers : RHP Mark Anderson
|
Batting: RHB Robby Lewis
|
0-0: Foul Ball, location: 2F 0-1: Ground out 5-3 (Groundball, 56)
|
Batting: LHB Craig Kenney
|
0-0: Fly out, F7 (Flyball, 7)
|
Batting: SHB Tim Abbott
|
0-0: Fly out, F8 (Flyball, 8LD)
|
Top of the 4th over - 0 runs, 0 hits, 0 errors, 0 left on base; Orlando 2 - El Dorado 0 |
BOTTOM OF THE 4TH |
El Dorado Oilers batting - Pitching for Orlando Calrissian : RHP Jorge Jiménez
|
Batting: RHB Ernesto Acosta
|
0-0: Ball 1-0: Ball 2-0: Swinging Strike 2-1: Foul Ball, location: 2F 2-2: Foul Ball, location: 2F 2-2: Strikes out looking
|
Batting: LHB José Hernández
|
0-0: SINGLE (Line Drive, 9LS)
|
Batting: RHB Bob Johnson
|
0-0: Ball 1-0: Ball 2-0: Fly out, F7 (Flyball, 7LM)
|
Batting: LHB Al Gaines
|
0-0: Called Strike 0-1: Hit by Pitch José Hernández to second
|
Batting: RHB Tony Hernández
|
0-0: Called Strike 0-1: Ball 1-1: Swinging Strike 1-2: Foul Ball, location: 2F 1-2: Foul Ball, location: 2F 1-2: Strikes out swinging
|
Bottom of the 4th over - 0 runs, 1 hit, 0 errors, 2 left on base; Orlando 2 - El Dorado 0 |
TOP OF THE 5TH |
Orlando Calrissian batting - Pitching for El Dorado Oilers : RHP Mark Anderson
|
Batting: RHB Rich Anderson
|
0-0: Ball 1-0: Ball 2-0: Foul Ball, location: 2F 2-1: Ball 3-1: Foul Ball, location: 2F 3-2: Base on Balls
|
Batting: RHB Raúl Canó
|
0-0: Foul Ball, location: 2F 0-1: Swinging Strike 0-2: Ball 1-2: Strikes out looking
|
Batting: RHB Gabriel Ángel
|
0-0: Ball 1-0: Fly out, F9 (Flyball, 9)
|
Batting: RHB Frederico Hernández
|
0-0: Swinging Strike 0-1: Ball 1-1: Foul Ball, location: 2F 1-2: Ground out 5-3 (Groundball, 56)
|
Top of the 5th over - 0 runs, 0 hits, 0 errors, 1 left on base; Orlando 2 - El Dorado 0 |
BOTTOM OF THE 5TH |
El Dorado Oilers batting - Pitching for Orlando Calrissian : RHP Jorge Jiménez
|
Batting: SHB Orlando Aguilar
|
0-0: Called Strike 0-1: Ball 1-1: Foul Ball, location: 2F 1-2: Foul Ball, location: 2F 1-2: Ground out 4-3 (Groundball, 4)
|
Batting: LHB Chris Miller
|
0-0: Ball 1-0: Ball 2-0: Ball 3-0: SINGLE (Groundball, 34D)
|
Batting: SHB Theron Harper
|
0-0: Ball 1-0: Ball Balk! Chris Miller to second 2-0: Ground out 6-3 (Groundball, 6)
|
Batting: LHB Ashley Pickhills
|
0-0: Foul Ball, location: 2F 0-1: Ball 1-1: Swinging Strike 1-2: Ground out 4-3 (Groundball, 34)
|
Bottom of the 5th over - 0 runs, 1 hit, 0 errors, 1 left on base; Orlando 2 - El Dorado 0 |
TOP OF THE 6TH |
Orlando Calrissian batting - Pitching for El Dorado Oilers : RHP Mark Anderson
|
Pitching: LHP Jeremy Meyer
|
|
Batting: LHB Danny Allen
|
0-0: Foul Ball, location: 2F 0-1: Ground out 5-3 (Groundball, 56)
|
Batting: RHB Griswold Coleman
|
0-0: Ball 1-0: Ball 2-0: Foul Ball, location: 2F 2-1: Foul Ball, location: 2F 2-2: Ball 3-2: Base on Balls
|
Batting: RHB Robby Lewis
|
0-0: Called Strike 0-1: SINGLE (Line Drive, 4MD) Griswold Coleman to second
|
Batting: LHB Craig Kenney
|
0-0: Grounds into double play, 5-4-3 (Groundball, 5)
|
Top of the 6th over - 0 runs, 1 hit, 0 errors, 1 left on base; Orlando 2 - El Dorado 0 |
BOTTOM OF THE 6TH |
El Dorado Oilers batting - Pitching for Orlando Calrissian : RHP Jorge Jiménez
|
Batting: RHB Ernesto Acosta
|
0-0: Foul Ball, location: 2F 0-1: Fly out, F9 (Flyball, 9S)
|
Batting: LHB José Hernández
|
0-0: Ball 1-0: Ground out 4-3 (Groundball, 4M)
|
Batting: RHB Bob Johnson
|
0-0: Called Strike 0-1: Ball 1-1: Foul Ball, location: 2F 1-2: Ball 2-2: Foul Ball, location: 2F 2-2: Foul Ball, location: 2F 2-2: Reached on error, E6 (Groundball, 6)
|
Pitching: RHP Lance Sanders
|
|
Batting: LHB Al Gaines
|
0-0: Called Strike 0-1: Foul Ball, location: 2F 0-2: Ball 1-2: Strikes out looking
|
Bottom of the 6th over - 0 runs, 0 hits, 1 error, 1 left on base; Orlando 2 - El Dorado 0 |
TOP OF THE 7TH |
Orlando Calrissian batting - Pitching for El Dorado Oilers : LHP Jeremy Meyer
|
Batting: SHB Tim Abbott
|
0-0: Foul Ball, location: 2F 0-1: Foul Ball, location: 2F 0-2: Strikes out swinging
|
Batting: RHB Rich Anderson
|
0-0: Ground out 6-3 (Groundball, 6)
|
Batting: RHB Raúl Canó
|
0-0: Called Strike 0-1: Ball 1-1: Called Strike 1-2: Ball 2-2: Strikes out swinging
|
Top of the 7th over - 0 runs, 0 hits, 0 errors, 0 left on base; Orlando 2 - El Dorado 0 |
BOTTOM OF THE 7TH |
El Dorado Oilers batting - Pitching for Orlando Calrissian : RHP Lance Sanders
|
Now at 1B: Júlio Negrón
|
|
Batting: RHB Tony Hernández
|
0-0: Called Strike 0-1: Called Strike 0-2: Ground out 4-3 (Groundball, 4M)
|
Batting: SHB Orlando Aguilar
|
0-0: Called Strike 0-1: Ball 1-1: Ball 2-1: Foul Ball, location: 2F 2-2: Foul Ball, location: 2F 2-2: Ball 3-2: Foul Ball, location: 2F 3-2: Base on Balls
|
Batting: LHB Chris Miller
|
0-0: Ball 1-0: Reached on error, E1 (Groundball, 15S) Orlando Aguilar to second
|
Batting: SHB Theron Harper
|
0-0: Ball 1-0: Called Strike 1-1: Swinging Strike 1-2: Fly out, F7 (Flyball, 78D)
|
Batting: LHB Ashley Pickhills
|
0-0: Called Strike 0-1: Ball 1-1: Fly out, F8 (Flyball, 8RM)
|
Bottom of the 7th over - 0 runs, 0 hits, 1 error, 2 left on base; Orlando 2 - El Dorado 0 |
TOP OF THE 8TH |
Orlando Calrissian batting - Pitching for El Dorado Oilers : LHP Jeremy Meyer
|
Batting: RHB Júlio Negrón
|
0-0: Foul Ball, location: 2F 0-1: Swinging Strike 0-2: Ball 1-2: SOLO HOME RUN (Flyball, 7D), Distance : 374 ft
|
Batting: RHB Frederico Hernández
|
0-0: Ball 1-0: Called Strike 1-1: Ball 2-1: Foul Ball, location: 2F 2-2: Strikes out swinging
|
Batting: LHB Danny Allen
|
0-0: Ball 1-0: Foul Ball, location: 2F 1-1: Foul Ball, location: 2F 1-2: Ball 2-2: Strikes out swinging
|
Batting: RHB Griswold Coleman
|
0-0: Ball 1-0: Ball 2-0: Called Strike 2-1: Foul Ball, location: 2F 2-2: Ball 3-2: DOUBLE (Line Drive, 7LM)
|
Batting: RHB Robby Lewis
|
0-0: Ball 1-0: Ball 2-0: Ball 3-0: Called Strike 3-1: Base on Balls
|
Batting: LHB Craig Kenney
|
0-0: Ball 1-0: Swinging Strike 1-1: Ground out 3-1 (Groundball, 34S)
|
Top of the 8th over - 1 run, 2 hits, 0 errors, 2 left on base; Orlando 3 - El Dorado 0 |
BOTTOM OF THE 8TH |
El Dorado Oilers batting - Pitching for Orlando Calrissian : RHP Lance Sanders
|
Batting: RHB Ernesto Acosta
|
0-0: Ball 1-0: Called Strike 1-1: Swinging Strike 1-2: Ball 2-2: SINGLE (Groundball, 56D)
|
Pitching: LHP Xavier Velázquez
|
|
Batting: LHB José Hernández
|
0-0: SINGLE (Line Drive, 89S) Ernesto Acosta to second
|
Batting: RHB Bob Johnson
|
0-0: Called Strike 0-1: Called Strike 0-2: Grounds into double play, 6-4-3 (Groundball, 6) Ernesto Acosta to third
|
Batting: LHB Al Gaines
|
0-0: Foul Ball, location: 2F 0-1: SINGLE (Flyball, 6MD) Ernesto Acosta scores
|
Batting: RHB Tony Hernández
|
0-0: Foul Ball, location: 2F 0-1: Foul Ball, location: 2F 0-2: Ball 1-2: Ground out U3 (Groundball, 34S)
|
Bottom of the 8th over - 1 run, 3 hits, 0 errors, 1 left on base; Orlando 3 - El Dorado 1 |
TOP OF THE 9TH |
Orlando Calrissian batting - Pitching for El Dorado Oilers : LHP Artie Nelson
|
Pitching: LHP Artie Nelson
|
|
Batting: SHB Tim Abbott
|
0-0: Called Strike 0-1: Ball 1-1: Swinging Strike 1-2: Strikes out swinging
|
Batting: RHB Rich Anderson
|
0-0: Called Strike 0-1: Fly out, F5 (Popup, 5)
|
Batting: RHB Raúl Canó
|
0-0: Ball 1-0: Ground out 4-3 (Groundball, 4)
|
Top of the 9th over - 0 runs, 0 hits, 0 errors, 0 left on base; Orlando 3 - El Dorado 1 |
BOTTOM OF THE 9TH |
El Dorado Oilers batting - Pitching for Orlando Calrissian : LHP Xavier Velázquez
|
Pitching: LHP Mike Murray
|
|
Batting: SHB Orlando Aguilar
|
0-0: Swinging Strike 0-1: Foul Ball, location: 2F 0-2: Strikes out swinging
|
Batting: LHB Chris Miller
|
0-0: Called Strike 0-1: Swinging Strike 0-2: Ball 1-2: Ball 2-2: Ball 3-2: SINGLE (Line Drive, 4MD)
|
Batting: SHB Theron Harper
|
0-0: Ground out U3 (Groundball, 34) Chris Miller to second
|
Pinch Hitting: RHB José Carlos Caraballo
|
0-0: Ball 1-0: SINGLE (Groundball, 34) (infield hit) Chris Miller to third
|
Batting: RHB Ernesto Acosta
|
0-0: Swinging Strike 0-1: Ball 1-1: Ball 2-1: Called Strike 2-2: Strikes out swinging
|
Bottom of the 9th over - 0 runs, 2 hits, 0 errors, 2 left on base; Orlando 3 - El Dorado 1 |
|